 Dungeon Crawl Stone Soup version 0.20.0-8-g6b59dc7 (webtiles) character file.

107 McKennaii the Skirmisher (level 4, 0/37 HPs)
             Began as a Demonspawn Abyssal Knight on May 31, 2017.
             Was a Believer of Lugonu.
             Slain by an iguana (5 damage)
             ... on level 3 of the Dungeon.
             The game lasted 00:06:00 (2399 turns).

McKennaii the Skirmisher (DsAK)                     Turns: 2399, Time: 00:06:01

Health: 0/37       AC: 12    Str: 12    XL:     4   Next: 57%
Magic:  0/6        EV:  3    Int: 14    God:    Lugonu [**....]
Gold:   154        SH:  0    Dex: 13    Spells: 3/3 levels left

rFire    . . .     SeeInvis .   a - +1 falchion
rCold    . . .     Gourm    .   (no shield)
rNeg     . . .     Faith    .   f - +1 plate armour
rPois    .         Spirit   +   (no helmet)
rElec    .         Reflect  .   (no cloak)
rCorr    .         Harm     .   (no gloves)
MR       .....                  r - +0 pair of boots
Stlth    ..........             l - amulet of guardian spirit
Regen    0.2/turn               s - ring of flight
MPRegen  0.1/turn               w - -3 ring of protection (curse)

@: no status effects
A: hooves 1, thin metallic scales 1
a: Depart the Abyss, Bend Space, Renounce Religion, Evoke Flight


You were on level 3 of the Dungeon.
You worshipped Lugonu.
Lugonu was pleased with you.
You were not hungry.

You visited 1 branch of the dungeon, and saw 3 of its levels.
You visited the Abyss 1 time.

You collected 154 gold pieces.

Inventory:

Hand Weapons
 a - a +1 falchion (weapon)
Armour
 f - a +1 plate armour (worn)
 r - a +0 pair of boots (worn)
Jewellery
 l - an amulet of guardian spirit (around neck)
 n - an uncursed ring of ice
 s - a ring of flight (left hand)
 w - a cursed -3 ring of protection (right hand)
Scrolls
 b - a scroll of magic mapping
 d - a scroll of enchant armour
 h - a scroll of recharging
 i - a scroll of blinking
 k - 2 scrolls of identify
Potions
 j - 4 potions of agility
 u - a potion of haste {unknown}
 v - 2 potions of curing {unknown}
Books
 e - a book of Conjurations

   Spells                             Type                      Level
   a - Magic Dart                     Conjuration                  1
   b - Searing Ray                    Conjuration                  2
   c - Dazzling Spray                 Conjuration/Hexes            3
   d - Fulminant Prism                Conjuration/Hexes            4
   e - Force Lance                    Conjuration/Translocation    4
   f - Iskenderun's Mystic Blast      Conjuration                  4
Miscellaneous
 g - a fan of gales (inert)
Comestibles
 c - 2 bread rations
 m - 3 chunks of flesh
 p - a meat ration


   Skills:
 + Level 3.8 Fighting
 + Level 2.6 Long Blades
 + Level 2.9 Armour
 + Level 1.0 Dodging
 + Level 2.7 Invocations
 + Level 0.2 Evocations


You had 3 spell levels left.
You didn't know any spells.

Dungeon Overview and Level Annotations

Branches:
Dungeon (3/15)

Altars:
Uskayaw


Innate Abilities, Weirdness & Mutations

You have large cloven feet.
You are partially covered in thin metallic scales. (AC +2)


Message History

The iguana is heavily wounded.
The iguana bites you.
The iguana bites you but does no damage.
You closely miss the iguana.
The iguana is heavily wounded.
The iguana bites you.
Your plate armour prevents you from hitting the iguana.
The iguana is heavily wounded.
The iguana bites you but does no damage.
Your plate armour prevents you from hitting the iguana.
The iguana is heavily wounded.
The iguana barely misses you.
Your plate armour prevents you from hitting the iguana.
The iguana is heavily wounded.
The iguana bites you!
* * * LOW HITPOINT WARNING * * *
Your plate armour prevents you from hitting the iguana.
The iguana is heavily wounded.
The iguana bites you.
You die...

#.# #.# *,*#....... #.# #.#
*,*#....... #.# #.#
*,*#....... #.# #.#
*,*#....... #.# #.#
**##.*#..?....
##.#######.####.............
#..........#............#.##
#.##............#*,******,*
#[##.......@l#****,,,,,,,,*
*****#.##.#####.###
********** ,,,,,#.##.# #.#
***#,#.##.# #.#
#.#.##.#####.#
##############
#.........##.#
#.........†.>.
###..........#
#.###########.
#########.##.#### #.# #.
.....,* #.##.# #.# #.


You could see an iguana.

Vanquished Creatures
  3 adders
  3 gnolls (D:2)
  2 worms (D:2)
  3 orcs (D:3)
  A giant cockroach (D:1)
  3 goblins
  4 hobgoblins
  2 quokkas
  A ball python (D:2)
  5 bats
  4 frilled lizards
  10 kobolds
  7 rats
48 creatures vanquished.

Notes
Turn   | Place    | Note
-------+----------+-------------------------------------------
     0 | Abyss:1  | McKennaii the Demonspawn Abyssal Knight began the quest for the Orb.
     0 | Abyss:1  | Reached XP level 1. HP: 18/18 MP: 2/2
    58 | Abyss:2  | Noticed a wretched star
    60 | Abyss:2  | Noticed an ancient zyme
    73 | D:1      | Escaped the Abyss
   220 | D:1      | Reached * piety under Lugonu
   228 | D:1      | Gained mutation: You have large cloven feet. [demonic ancestry]
   228 | D:1      | Reached XP level 2. HP: 19/24 MP: 3/3
   404 | D:1      | Reached skill level 1 in Dodging
   949 | D:2      | Gained mutation: You are partially covered in thin metallic scales. (AC +2) [demonic ancestry]
   949 | D:2      | Reached XP level 3. HP: 28/29 MP: 5/5
  1597 | D:2      | Reached XP level 4. HP: 35/37 MP: 6/6
  1660 | D:2      | Found a faded altar of an unknown god.
  2227 | D:3      | Reached ** piety under Lugonu
  2247 | D:3      | Found a hide-covered altar of Uskayaw.
  2399 | D:3      | Slain by an iguana

Skill      XL: |  1  2 |
---------------+-------+-----
Long Blades    | 2 |  2.6
Dodging        | 1 |  1.0
Armour         | 2 |  2.9
Fighting       | |  3.8
Invocations    | |  2.7
Evocations     | |  0.2

Action                   |  1- 3 |  4- 6 || total
-------------------------+-------+-------++-------
Melee: Falchion          |   118 |    96 ||   214
       Kick              |    16 |       ||    16
Invok: Depart the Abyss  |     1 |       ||     1
Evoke: Fan of gales      |     1 |       ||     1
  Use: Scroll            |       |     8 ||     8
  Eat: Chunk             |     1 |     4 ||     5
Armor: Plate armour      |   117 |    70 ||   187
Dodge: Dodged            |    23 |    13 ||    36
       Rpst.: Falchion   |     8 |     7 ||    15
